 Dungeon Sprint DCSS version 0.17-a0-1655-g88a8506 (webtiles) character file.

107 Kidiri the Covert (level 4, -4/21 HPs)
             Began as a Spriggan Enchanter on Aug 15, 2015.
             Slain by a shadow (10 damage)
             ... in the Dungeon (Sprint III: "The Ten Rune Challenge").
             The game lasted 00:04:02 (876 turns).

Kidiri the Covert (Spriggan Enchanter)               Turns: 876, Time: 00:04:02

Health: -4/21      AC:  3    Str:  4    XL:     4   Next: 57%
Magic:  8/12       EV: 22    Int: 16    God:
Gold:   23         SH:  0    Dex: 16    Spells: 4 memorised, 5 levels left

rFire  . . .     SeeInvis +     a - +1 dagger
rCold  . . .     Clarity  .     e - +0 robe {MR+}
rNeg   . . .     SustAt   .     (shield restricted)
rPois  .         Gourm    .     (helmet restricted)
rElec  .         Spirit   .     (no cloak)
rCorr  .         Warding  .     (gloves unavailable)
rMut   .         NoTele   +     (boots unavailable)
MR     +....                    (no amulet)
Stlth  ++++......               (no ring)
                                (no ring)

@: corroded equipment, very quick, somewhat resistant to hostile enchantments,
stealthy
A: unfitting armour, rough black scales 1, see invisible, herbivore 3, speed 3,
mutation resistance 1, shaggy fur 1, slow metabolism 2
a: no special abilities


You were in the Dungeon.
You were not hungry.

You visited 1 branch You collected 23 gold pieces.

Inventory:

Hand weapons
 a - a +1 dagger (weapon)
Armour
 e - a +0 robe of magic resistance (worn)
Scrolls
 j - a scroll of blinking
 m - a scroll of immolation
 n - a scroll of remove curse {unknown}
 p - a scroll of torment {unknown}
 q - a scroll of enchant armour {unknown}
Potions
 b - a potion of cancellation
 f - a potion of heal wounds
 g - 2 potions of haste
 h - 2 potions of magic
 o - 2 potions of cure mutation
 r - a potion of flight
Books
 c - a book of Maledictions

   Spells                             Type                      Level
   a - Corona                         Hexes                        1
   b - Ensorcelled Hibernation        Hexes/Ice                    2
   c - Confuse                        Hexes                        3
   d - Tukima's Dance                 Hexes                        3
   e - Dazzling Spray                 Conjuration/Hexes            3
Comestibles
 d - a bread ration


   Skills:
 + Level 3.3 Short Blades
 * Level 7.3 Dodging
 * Level 8.2 Stealth
 * Level 5.7 Spellcasting
 + Level 5.1 Hexes
 + Level 1.4 Ice Magic


You had 5 spell levels left.
You knew the following spells:

 Your Spells              Type           Power        Failure   Level  Hunger
a - Corona                Hex            ###....      1%          1    None
b - Ensorcelled Hibernat  Hex/Ice        ###...       8%          2    #......
c - Confuse               Hex            ###.....     6%          3    ##.....
d - Tukima's Dance        Hex            ###.....     6%          3    ##.....


Dungeon Overview and Level Annotations

Branches:
Dungeon (1/1)

Altars:


Innate Abilities, Weirdness & Mutations

You are tiny and cannot use many weapons and most armour.
You have supernaturally acute eyesight.
You are a herbivore.
You cover ground extremely quickly.
You need consume almost no food.
You are partially covered in rough black scales (AC +4, Dex -1).
You are somewhat resistant to further mutation.
You are covered in fur (AC +1).


Message History

You hit the shadow but do no damage. The shadow completely misses you.
You hit the shadow but do no damage. The shadow hits you.
* * * LOW HITPOINT WARNING * * *
You hit the shadow but do no damage. The shadow closely misses you.
You hit the shadow.
The shadow is lightly damaged.
The shadow misses you.
You hit the shadow but do no damage.
The shadow is lightly damaged.
The shadow completely misses you.
You hit the shadow but do no damage.
The shadow is lightly damaged.
The shadow misses you.
You hit the shadow but do no damage.
The shadow is lightly damaged.
You aren't carrying any items that can be evoked.
You hit the shadow but do no damage.
The shadow is lightly damaged.
The shadow hits you!
You die...

▓▓▓ ## ##.#
.#####..# ..#%%#..#
..#..#..###+#+###+##
..##+#..#..........#
..###...'.⌠.....@W.#
.####...#...######'#
.###....#.⌠.# #..J#
.##.....#...# #...#
.#......#+### #...#
#.#.....# #..%+
####....# +...#
▓▓▓▓▓▓ ▓▓▓▓▓


You could see a shadow.

Vanquished Creatures
  A water elemental (D)
  Jessica (D)
  A human (D)
  An ooze (D)
  A phantom (D)
  A rat (D)
6 creatures vanquished.

Vanquished Creatures (others)
  2 draconian scorchers (D)
  2 yaktaurs (D)
  2 plants (D)
6 creatures vanquished.

Grand Total: 12 creatures vanquished

Notes
Turn   | Place    | Note
--------------------------------------------------------------
     0 | D        | Kidiri the Spriggan Enchanter began the quest for the Orb.
     0 | D        | Reached XP level 1. HP: 9/9 MP: 5/5
    15 | D        | Reached skill level 5 in Stealth
    63 | D        | Noticed Jessica
    94 | D        | Killed Jessica
    94 | D        | Reached skill level 5 in Dodging
    94 | D        | Reached skill level 6 in Stealth
    94 | D        | Reached XP level 2. HP: 4/13 MP: 5/8
    94 | D        | Reached XP level 3. HP: 4/16 MP: 5/9
    99 | D        | Learned a level 2 spell: Ensorcelled Hibernation
   103 | D        | Learned a level 3 spell: Confuse
   107 | D        | Learned a level 3 spell: Tukima's Dance
   164 | D        | Killed a white draconian scorcher
   172 | D        | Killed a white draconian scorcher
   307 | D        | Killed a yaktaur
   688 | D        | Killed a yaktaur
   728 | D        | Reached skill level 7 in Stealth
   744 | D        | Gained mutation: You are frail (-10% HP). [potion of mutation]
   744 | D        | Gained mutation: You are weak. (Str -2) [potion of mutation]
   744 | D        | Lost strength.
   744 | D        | Gained mutation: You are very weak. (Str -4) [potion of mutation]
   748 | D        | Lost mutation: You are frail (-10% HP). [potion of cure mutation]
   748 | D        | Lost mutation: You are very weak. (Str -4) [potion of cure mutation]
   748 | D        | Lost mutation: You are weak. (Str -2) [potion of cure mutation]
   749 | D        | Gained mutation: You are partially covered in rough black scales (AC +4, Dex -1). [potion of mutation]
   749 | D        | Gained mutation: You are covered in fur (AC +1). [potion of mutation]
   749 | D        | Gained mutation: You are somewhat resistant to further mutation. [potion of mutation]
   807 | D        | Noticed a water elemental
   817 | D        | Killed a water elemental
   817 | D        | Reached skill level 8 in Stealth
   817 | D        | Reached skill level 5 in Spellcasting
   817 | D        | Reached skill level 5 in Hexes
   817 | D        | Reached skill level 1 in Ice Magic
   817 | D        | Reached XP level 4. HP: 21/21 MP: 10/12
   858 | D        | Noticed a jelly
   859 | D        | Noticed a shadow
   876 | D        | Slain by a shadow

Vault maps used:
D:        dungeon_sprint_mu

Action                   |  1- 3 |  4- 6 || total
-------------------------+-------+-------++-------
Melee: Dagger            |    33 |     9 ||    42
 Cast: Corona            |     3 |     1 ||     4
       Confuse           |     2 |       ||     2
       Ensorcelled Hiber |       |     2 ||     2
  Use: Potion            |     5 |       ||     5
       Scroll            |     4 |       ||     4
 Stab: Sleeping          |     2 |       ||     2
       Confused          |     1 |       ||     1
